 Dungeon Crawl Stone Soup version 0.27-a0-1442-g87b6fcb595 (webtiles) character file.

Game seed: 5155151840392988063

145 funkygono the Stinger (level 5, 0/37 HPs)
             Began as a Gnoll Venom Mage on July 4, 2021.
             Was an Initiate of Okawaru.
             Succumbed to a water moccasin's poison
             ... on level 4 of the Dungeon.
             The game lasted 00:07:08 (4102 turns).

funkygono the Stinger (Gnoll Venom Mage)            Turns: 4102, Time: 00:07:09

Health: 0/37       AC:  6    Str:  8    XL:     5   Next: 27%
Magic:  11/12      EV: 13    Int: 15    God:    Okawaru [......]
Gold:   108        SH:  0    Dex: 12    Spells: 4/14 levels left

rFire    . . .     SeeInvis +   p - +3 flail (holy)
rCold    . . .     Faith    .   (no shield)
rNeg     . . .     Spirit   .   a - +0 robe
rPois    .         Reflect  .   e - +1 helmet
rElec    .         Harm     .   d - +0 cloak
rCorr    .         Rampage  .   i - +0 pair of gloves
Will     .....                  (no boots)
Stlth    +++.......             (no amulet)
HPRegen  0.12/turn              l - ring of see invisible
MPRegen  0.13/turn              (no ring)

@: lethally poisoned (0 -> -8)
A: fangs 1, strong nose, distributed training
a: Renounce Religion


You were on level 4 of the Dungeon.
You worshipped Okawaru.
Okawaru was noncommittal.
You visited 1 branch of the dungeon, and saw 4 of its levels.

You collected 108 gold pieces.

Inventory:

Hand Weapons
 g - a +0 dagger
 j - a +0 flail
 o - a +1 short sword of venom
 p - a +3 flail of holy wrath (weapon)
 q - a +0 dagger of electrocution
Missiles
 b - 2 throwing nets
 m - 6 curare-tipped darts
Armour
 a - a +0 robe (worn)
 c - a +0 leather armour
 d - a +0 cloak (worn)
 e - a +1 helmet (worn)
 i - a +0 pair of gloves (worn)
Jewellery
 l - a ring of see invisible (left hand)
Wands
 u - a wand of digging (7)
Scrolls
 s - a scroll of amnesia
Potions
 f - a potion of berserk rage
 h - 2 potions of curing
 k - 3 potions of invisibility
 n - a potion of flight {unknown}
 r - 2 potions of might {unknown}
 v - a potion of ambrosia {unknown}


   Skills:
 + Level 1.4 Fighting
 + Level 1.4 Short Blades
 + Level 1.4 Long Blades
 + Level 1.4 Axes
 + Level 1.4 Maces & Flails
 + Level 1.4 Polearms
 + Level 1.4 Staves
 + Level 1.4 Slings
 + Level 1.4 Bows
 + Level 1.4 Crossbows
 + Level 1.4 Throwing
 + Level 1.4 Armour
 + Level 4.7 Dodging
 + Level 4.4 Stealth
 + Level 1.4 Shields
 + Level 1.4 Unarmed Combat
 + Level 5.2 Spellcasting
 + Level 1.1 Conjurations
 + Level 1.1 Hexes
 + Level 1.1 Summonings
 + Level 1.1 Necromancy
 + Level 1.1 Translocations
 + Level 2.3 Transmutations
 + Level 1.1 Fire Magic
 + Level 1.1 Ice Magic
 + Level 1.1 Air Magic
 + Level 1.1 Earth Magic
 + Level 5.5 Poison Magic
 + Level 1.6 Invocations
 + Level 1.4 Evocations


You had 4 spell levels left.
You knew the following spells:

 Your Spells              Type           Power      Damage    Failure   Level
a - Sting                 Tmut/Pois      60%        1d6       3%          1
b - Poisonous Vapours     Pois/Air       26%        N/A       6%          2
c - Mephitic Cloud        Conj/Pois/Air  11%        N/A       16%         3
d - Olgreb's Toxic Radia  Pois           20%        N/A       16%         4

Your spell library contained the following spells:

 Spells                   Type           Power      Damage    Failure   Level


Dungeon Overview and Level Annotations

Branches:
Dungeon (4/15)
 Temple: D:4-7

Altars:
Ashenzari
Okawaru
Zin

Shops:
D:1 *   D:3 [[!?


Innate Abilities, Weirdness & Mutations

You have very sharp teeth.
Your uncanny sense of smell can sniff out nearby items.
Your experience applies equally to all skills.


Message History

The endoplasm quivers.
You sock the endoplasm!
You kill the endoplasm!
Okawaru accepts your kill.
s - a scroll of amnesia
Found a broad axe.
A dart slug comes into view.
A water moccasin and a jelly come into view.
The dart slug launches a dart at you. The slug dart misses you.
Found 12 arrows.
The water moccasin hisses angrily.
The dart slug closely misses you.
You sock the dart slug!
You kill the dart slug!
Okawaru accepts your kill.
You closely miss the water moccasin. The water moccasin bites you.
You are poisoned.
The water moccasin poisons you! The water moccasin misses you.
You closely miss the water moccasin.
You feel very sick. The water moccasin bites you.
You barely miss the water moccasin. Your bite misses the water moccasin.
You feel very sick. The water moccasin bites you. The water moccasin bites you!
* * * LOW HITPOINT WARNING * * *
You closely miss the water moccasin.
* * * LOW HITPOINT WARNING * * *
You feel sick. The water moccasin closely misses you.
The water moccasin bites you!
* * * LOW HITPOINT WARNING * * *
Casting: Poisonous Vapours (safe; 6% risk of failure)
Confirm with . or Enter, or press ? or * to list all spells.
Aiming: Sting (safe; 3% risk of failure)
Press: ? - help, Shift-Dir - straight line, f - water moccasin
Aim: a water moccasin (57% to hit)
The sting hits the water moccasin.
The water moccasin partially resists.
The water moccasin is poisoned.
The water moccasin is lightly wounded.
You die...

##..# ### ...# #..#
#....### ##...#
###..#.#.#####....#
...#.#....#.##.#.##
..........#..#....###.J.
..<..##..........$......
..####....#.###..##...#
..###..#..#.# ##@...#
.##....#....# #S.#...#
..........##........#...
......#....#......#...#.
...#.##.............#...
...####..#.##.....#.. #.
...# #....###...... .
#... #..... .....# ..#
..... ...)...


You could see a water moccasin (poisoned).

Vanquished Creatures
  Jessica (D:3)
  An adder (D:2)
  2 gnolls (D:3)
  An adder skeleton (D:2)
  3 worms (D:3)
  4 dart slugs
  4 orcs (D:3)
  4 bats
  2 endoplasms
  3 giant cockroaches (D:2)
  5 goblins
  4 hobgoblins
  7 jackals (D:2)
  7 quokkas
  2 ball pythons
  5 frilled lizards
  6 kobolds
  3 rats (D:2)
64 creatures vanquished.

Vanquished Creatures (others)
  75 plants (D:3)
75 creatures vanquished.

Grand Total: 139 creatures vanquished

Notes
Turn   | Place    | Note
-------+----------+-------------------------------------------
     0 | D:1      | funkygono the Gnoll Venom Mage began the quest for the Orb.
     0 | D:1      | Reached XP level 1. HP: 13/13 MP: 6/6
   148 | D:1      | Found Jubep's Assorted Antiques.
   322 | D:1      | Reached XP level 2. HP: 12/19 MP: 3/7
   444 | D:1      | Learned a level 2 spell: Poisonous Vapours
  1326 | D:2      | Reached skill level 5 in Spellcasting
  1326 | D:2      | Reached XP level 3. HP: 20/25 MP: 4/9
  1388 | D:2      | Found a faded altar of an unknown god.
  1429 | D:2      | Learned a level 3 spell: Mephitic Cloud
  1603 | D:2      | Reached skill level 1 in Invocations
  1902 | D:2      | Reached skill level 1 in Fighting
  1902 | D:2      | Reached skill level 1 in Short Blades
  1902 | D:2      | Reached skill level 1 in Long Blades
  1902 | D:2      | Reached skill level 1 in Axes
  1902 | D:2      | Reached skill level 1 in Maces & Flails
  1902 | D:2      | Reached skill level 1 in Polearms
  1902 | D:2      | Reached skill level 1 in Staves
  1902 | D:2      | Reached skill level 1 in Slings
  1902 | D:2      | Reached skill level 1 in Bows
  1902 | D:2      | Reached skill level 1 in Crossbows
  1902 | D:2      | Reached skill level 1 in Throwing
  1902 | D:2      | Reached skill level 1 in Armour
  1902 | D:2      | Reached skill level 1 in Shields
  1902 | D:2      | Reached skill level 1 in Unarmed Combat
  1902 | D:2      | Reached skill level 1 in Evocations
  2272 | D:2      | Reached XP level 4. HP: 32/32 MP: 9/11
  2380 | D:2      | Learned a level 4 spell: Olgreb's Toxic Radiance
  2502 | D:3      | Noticed Jessica
  2514 | D:3      | Killed Jessica
  2515 | D:3      | Reached skill level 1 in Conjurations
  2515 | D:3      | Reached skill level 1 in Hexes
  2515 | D:3      | Reached skill level 1 in Summonings
  2515 | D:3      | Reached skill level 1 in Necromancy
  2515 | D:3      | Reached skill level 1 in Translocations
  2515 | D:3      | Reached skill level 1 in Fire Magic
  2515 | D:3      | Reached skill level 1 in Ice Magic
  2515 | D:3      | Reached skill level 1 in Air Magic
  2515 | D:3      | Reached skill level 1 in Earth Magic
  3037 | D:3      | Found Kolajero's Distillery.
  3241 | D:3      | Reached XP level 5. HP: 37/37 MP: 4/12
  3338 | D:3      | Found a glowing silver altar of Zin.
  3532 | D:3      | Found Noinekhli's Antique Armour Boutique.
  3572 | D:3      | Found Suupramm's Antique Armour Emporium.
  3775 | D:3      | Found a broken altar of Ashenzari.
  3775 | D:3      | Found an iron altar of Okawaru.
  3780 | D:3      | Became a worshipper of Warmaster Okawaru
  3887 | D:3      | Found Epracas's Magic Scroll Shoppe.
  4095 | D:4      | Noticed a water moccasin
  4101 | D:4      | HP: 1/37 [water moccasin (7)]
  4102 | D:4      | Succumbed to a water moccasin's poison

Illustrated notes

Levels and vault maps discovered:
D:1:      matt_arrival_spirals, layout_loops_cross, serial_shops,
          nicolae_shop_stone
D:2:      layout_basic, ebering_ecumenical_altar_box
D:3:      wad_woods_stonehenge, layout_loops_ring,
          gammafunk_temple_overflow_wave, serial_shops, nicolae_shop_waterfront,
          shop, shop, nicolae_shop_behind_doors, grunt_ministairs_10,
          uniq_jessica
D:4:      layout_cave_pools, minmay_misc_feat_square, st_stairs_5, hex_large

Skill      XL: |  1  2  3  4 |
---------------+-------------+-----
Transmutations | 2 |  2.3
Spellcasting   | 5 |  5.2
Invocations    | 1 |  1.6
Fighting       | 1 |  1.4
Short Blades   | 1 |  1.4
Long Blades    | 1 |  1.4
Axes           | 1 |  1.4
Maces & Flails | 1 |  1.4
Polearms       | 1 |  1.4
Staves         | 1 |  1.4
Slings         | 1 |  1.4
Bows           | 1 |  1.4
Crossbows      | 1 |  1.4
Throwing       | 1 |  1.4
Armour         | 1 |  1.4
Shields        | 1 |  1.4
Unarmed Combat | 1 |  1.4
Evocations     | 1 |  1.4
Conjurations   | 1 |  1.1
Hexes          | 1 |  1.1
Summonings     | 1 |  1.1
Necromancy     | 1 |  1.1
Translocations | 1 |  1.1
Fire Magic     | 1 |  1.1
Ice Magic      | 1 |  1.1
Air Magic      | 1 |  1.1
Earth Magic    | 1 |  1.1
Dodging        | |  4.7
Stealth        | |  4.4
Poison Magic   | |  5.5

Action                   |  1- 3 |  4- 6 || total
-------------------------+-------+-------++-------
Melee: Unarmed           |     1 |       ||     1
       Dagger            |    67 |     7 ||    74
       Bite              |     4 |     3 ||     7
       Flail             |       |    53 ||    53
 Cast: Sting             |    42 |    23 ||    65
       Poisonous Vapours |    17 |    14 ||    31
       Mephitic Cloud    |     1 |     1 ||     2
  Use: Scroll            |     1 |     5 ||     6
 Stab: Sleeping          |     1 |       ||     1
Armor: Robe              |    25 |    11 ||    36
Dodge: Dodged            |    60 |    40 ||   100

Table legend: (Time is in decaauts)
 A = Elapsed time spent in this place.
 B = Non-inter-level travel time spent in this place.
 C = Inter-level travel time spent in this place.
 D = Time resting spent in this place.
 E = Time spent auto-exploring this place.
 F = Levels seen in this place.
 G = Mean time per level.
                   A        B        C        D        E       F      G
               +--------+--------+--------+--------+--------+-----+--------+
         Total |   4114 |   3995 |    119 |     61 |   3379 |   4 | 1028.5 |
       Dungeon |   4114 |   3995 |    119 |     61 |   3379 |   4 | 1028.5 |
               +--------+--------+--------+--------+--------+-----+--------+

Top non-repeatable levels by time:
     D:3: 1639 daAuts
     D:2: 1319 daAuts
     D:1: 1123 daAuts
     D:4: 31 daAuts
